 Dungeon Crawl Stone Soup version 0.27-a0-1081-ge8a0a9c698 (webtiles) character file.

Game seed: 5165957790716319104

38 marklar909 the Sneak (level 3, -1/31 HPs)
             Began as a Palentonga Delver on Apr 25, 2021.
             Slain by an orc
             ... wielding a +0 mace
              (4 damage)
             ... on level 5 of the Dungeon.
             The game lasted 00:01:16 (535 turns).

marklar909 the Sneak (Palentonga Delver)             Turns: 535, Time: 00:01:17

Health: -1/31      AC:  4    Str: 16    XL:     3   Next: 25%
Magic:  3/3        EV:  9    Int: 10    God:
Gold:   24         SH:  0    Dex: 11    Spells: 2/2 levels left

rFire    . . .     SeeInvis +   a - +0 mace
rCold    . . .     Faith    .   (no shield)
rNeg     . . .     Spirit   .   b - +0 leather armour
rPois    .         Reflect  .   (no helmet)
rElec    .         Harm     .   (no cloak)
rCorr    .         Rampage  .   (no gloves)
Will     .....                  (no barding)
Stlth    ++........             (no amulet)
HPRegen  0.10/turn              (no ring)
MPRegen  0.08/turn              (no ring)

@: no status effects
A: large, rugged brown scales 3, see invisible, deformed body, roll 1, armoured
tail
a: Rolling Charge


You were on level 5 of the Dungeon.
You visited 1 branch of the dungeon, and saw 1 of its levels.

You collected 24 gold pieces.

Inventory:

Hand Weapons
 a - a +0 mace (weapon)
Armour
 b - a +0 leather armour (worn)
Wands
 g - a wand of digging (3)
Scrolls
 c - a scroll of fog
 d - a scroll of magic mapping
 e - a scroll of fear
Potions
 f - a potion of haste


   Skills:
 + Level 3.2 Fighting
 + Level 2.2 Maces & Flails
 + Level 1.6 Dodging
 + Level 3.9 Stealth


You had 2 spell levels left.
You didn't know any spells.
Your spell library was empty.

Dungeon Overview and Level Annotations

Branches:
Dungeon (5/15)
 Temple: D:4-7

Altars:

Shops:
D:5 [

Annotations:
D:5 3 runed translucent doors


Innate Abilities, Weirdness & Mutations

You are completely covered in rugged brown scales. (AC +3, +7% HP)
You have supernaturally acute eyesight. (SInv)
Armour fits poorly on your strangely shaped body.
You can roll at nearby foes to attack.
You have a long armoured tail.


Message History

An orc is nearby!
You closely miss the orc. The orc barely misses you.
An orc comes into view. It is wielding a +0 mace.
The orc barely misses you.
You barely miss the orc.
The orc shouts!
You tail-slap the orc.
The orc is lightly wounded.
You hear a shout!
The orc hits you with a +0 mace.
You hit the orc but do no damage.
The orc is lightly wounded.
The orc hits you with a +0 mace.
You sock the orc!
You kill the orc!
Things that are here:
a +0 mace; an orc corpse An orc is nearby!
Roll where?
Press: ? - help, Q - select action Dir - move target, f - orc
Aim: an orc, wielding a +0 mace and wearing a +0 ring mail You roll forward with a clatter of scales!
You closely miss the orc.
You hear a shout!
The orc closely misses you. The orc hits you with a +0 mace.
You hit the orc but do no damage.
Your tail-slap misses the orc.
The orc hits you with a +0 mace!
You hit the orc but do no damage. The orc barely misses you.
You completely miss the orc. The orc hits you with a +0 mace.
* * * LOW HITPOINT WARNING * * *
The orc hits you with a +0 mace!
* * * LOW HITPOINT WARNING * * *
You hit the orc.
The orc is moderately wounded.
The orc barely misses you.
A gnoll comes into view. It is wielding a +0 halberd.
You hit the orc but do no damage.
The orc is lightly wounded.
The orc hits you with a +0 mace.
You die...

....... #. #.......# #. ..#
#.......# #.##..## #......##
..#...## #.......# #.##....
##......## ##..#....
###........#####...##... ..
######...............#...###+
..###...........@o..g...##...g...
#...............#################
#..............# #
#............## # ##...........#
# #..........## #..........#
#.........## #.....#...#


You could see a gnoll and an orc.

Vanquished Creatures
  A bullfrog skeleton (D:5)
  An adder (D:5)
  An orc (D:5)
3 creatures vanquished.

Notes
Turn   | Place    | Note
-------+----------+-------------------------------------------
     0 | D:5      | marklar909 the Palentonga Delver began the quest for the
                  | Orb.
     0 | D:5      | Reached XP level 1. HP: 19/19 MP: 1/1
    29 | D:5      | Reached XP level 2. HP: 22/25 MP: 2/2
    97 | D:5      | Reached XP level 3. HP: 3/31 MP: 3/3
   479 | D:5      | Found a runed translucent gate.
   479 | D:5      | Found a runed translucent gate.
   479 | D:5      | Found a runed translucent gate.
   491 | D:5      | Found Reg Bite's Armour Shop.
   518 | D:5      | HP: 1/31 [orc/+0 mace (8)]
   535 | D:5      | Slain by an orc

Illustrated notes

Levels and vault maps discovered:
D:5:      layout_layer_cave, gammafunk_temple_overflow_claw,
          kennysheep_mini_moat, serial_shops, shop, gammafunk_ghost_icy,
          uniq_sigmund

Action                   || total
-------------------------++-------
Melee: Mace              ||    22
       Tailslap          ||     4
 Abil: Rolling Charge    ||     1
 Stab: Sleeping          ||     1
Armor: Leather armour    ||     2
Dodge: Dodged            ||    12

Table legend: (Time is in decaauts)
 A = Elapsed time spent in this place.
 B = Non-inter-level travel time spent in this place.
 C = Inter-level travel time spent in this place.
 D = Time resting spent in this place.
 E = Time spent auto-exploring this place.
 F = Levels seen in this place.
 G = Mean time per level.
                   A        B        C        D        E       F      G
               +--------+--------+--------+--------+--------+-----+--------+
         Total |    541 |    408 |    133 |    303 |      0 |   1 |  541.0 |
       Dungeon |    541 |    408 |    133 |    303 |      0 |   1 |  541.0 |
               +--------+--------+--------+--------+--------+-----+--------+

Top non-repeatable levels by time:
     D:5: 541 daAuts
